 Dungeon Crawl Stone Soup version 0.23.2-1-ga50397a6bc (webtiles) character file.

Game seed: 8110945260317876233

242 Dommiel19 the Chopper (level 6, 0/37 HPs)
             Began as a Tengu Berserker on May 18, 2019.
             Was a Priest of Trog.
             Slain by a worker ant (1 damage)
             ... on level 4 of the Dungeon.
             The game lasted 00:04:47 (3877 turns).

Dommiel19 the Chopper (Tengu Berserker)             Turns: 3877, Time: 00:04:48

Health: 0/37       AC:  2    Str: 25      XL:     6   Next: 9%
Magic:  7/7        EV: 12    Int: 11      God:    Trog [***...]
Gold:   210        SH:  0    Dex: 12 (13) Spells: 5/5 levels left

rFire    . . .     SeeInvis .   a - +0 hand axe
rCold    . . .     Gourm    .   (no shield)
rNeg     . . .     Faith    .   b - +0 animal skin
rPois    .         Spirit   .   (helmet restricted)
rElec    .         Reflect  .   (no cloak)
rCorr    .         Harm     .   (no gloves)
MR       .....                  (boots unavailable)
Stlth    +.........             (no amulet)
HPRegen  0.12/turn              d - +4 ring of intelligence
MPRegen  0.10/turn              (no ring)

@: mighty
A: beak, talons 3, able to fly
a: Fly, Berserk, Trog's Hand, Renounce Religion


You were on level 4 of the Dungeon.
You worshipped Trog.
Trog was most pleased with you.
You were near starving.

You visited 1 branch of the dungeon, and saw 4 of its levels.

You collected 210 gold pieces.

Inventory:

Hand Weapons
 a - a +0 hand axe (weapon)
Armour
 b - a +0 animal skin (worn)
Jewellery
 d - a +4 ring of intelligence (left hand)
 k - an uncursed amulet of regeneration {unknown}
Scrolls
 e - 3 scrolls of teleportation
 i - a scroll of blinking
 j - a scroll of identify
Potions
 f - a potion of magic {unknown}
 h - 3 potions of mutation {unknown}
Comestibles
 c - 3 rations


   Skills:
 - Level 3.0 Fighting
 + Level 7.3 Axes
 - Level 2.1 Armour
 - Level 2.1 Dodging


You had 5 spell levels left.
You didn't know any spells.
Your spell library was empty.

Dungeon Overview and Level Annotations

Branches:
Dungeon (4/15)
 Temple: D:4-7

Altars:

Annotations:
D:4 Pikel


Innate Abilities, Weirdness & Mutations

You have a beak for a mouth.
You have claws for feet.
You can fly continuously.


Message History

Unknown command.
You are too injured to fight recklessly!
Unknown command.
The slave shouts!
You slash the orc!
You kill the orc!
Trog accepts your kill.
You closely miss the worker ant. You hit the orc.
You kill the orc!
Trog accepts your kill.
You feel your dexterity returning.
You hit the orc priest but do no damage.
The worker ant closely misses you.
The orc priest calls down the wrath of Beogh upon you.
Beogh smites you!
* * * LOW HITPOINT WARNING * * *
It was a potion of might.
You feel very mighty all of a sudden. The worker ant bites you.
You die...

#
..#.#######
#.........#
#......<..#
#.......@)#
#......aso#
#.........#
#.........#
.........K#
..........#
........p.#
...##....p


You could see Pikel, 2 slaves, a worker ant, an orc priest and a giant
cockroach.

Vanquished Creatures
  Jessica (D:3)
  Natasha (thrice) (D:3)
  Robin (D:3)
  4 adders
  2 worms (D:2)
  3 leopard geckos
  6 orcs
  A ball python (D:3)
  19 goblins
  6 hobgoblins
  A quokka (D:3)
  6 bats
  6 frilled lizards
  6 kobolds
  20 rats
85 creatures vanquished.

Notes
Turn   | Place    | Note
-------+----------+-------------------------------------------
     0 | D:1      | Dommiel19 the Tengu Berserker began the quest for the Orb.
     0 | D:1      | Reached XP level 1. HP: 14/14 MP: 2/2
   284 | D:1      | Reached XP level 2. HP: 19/19 MP: 3/3
   352 | D:1      | Reached skill level 4 in Axes
  1142 | D:2      | Reached ** piety under Trog
  1146 | D:2      | Reached XP level 3. HP: 13/23 MP: 4/4
  1386 | D:2      | Reached skill level 5 in Axes
  1450 | D:2      | Reached XP level 4. HP: 11/28 MP: 5/5
  2399 | D:3      | Noticed Natasha
  2406 | D:3      | Killed Natasha
  2406 | D:3      | Reached skill level 6 in Axes
  2408 | D:3      | Noticed Jessica
  2410 | D:3      | Noticed Natasha
  2413 | D:3      | Gained mutation: You can fly continuously. [Tengu growth]
  2413 | D:3      | Reached XP level 5. HP: 32/32 MP: 6/6
  2417 | D:3      | Killed Natasha
  2419 | D:3      | Killed Jessica
  2430 | D:3      | Noticed Natasha
  2436 | D:3      | Killed Natasha
  2670 | D:3      | Noticed Robin
  2678 | D:3      | Reached *** piety under Trog
  2678 | D:3      | Reached skill level 7 in Axes
  2685 | D:3      | Killed Robin
  2685 | D:3      | Reached XP level 6. HP: 9/37 MP: 7/7
  2699 | D:3      | HP: 1/37 [hobgoblin/+0 club[Robin] (6)]
  3872 | D:4      | Noticed a slave
  3873 | D:4      | Noticed Pikel
  3875 | D:4      | Noticed a slave
  3876 | D:4      | HP: 1/37 [orc priest/divine providence (13)]
  3877 | D:4      | Slain by a worker ant

Skill      XL: |  1  2  3  4  5 |
---------------+----------------+-----
Axes           | 4 5 6 7 |  7.3
Fighting       | |  3.0
Armour         | |  2.1
Dodging        | |  2.1

Action                   |  1- 3 |  4- 6 || total
-------------------------+-------+-------++-------
Melee: Hand axe          |    89 |    86 ||   175
       Kick              |    15 |    21 ||    36
       Peck              |    11 |    13 ||    24
Invok: Berserk           |       |     2 ||     2
  Use: Scroll            |       |     6 ||     6
       Potion            |       |     7 ||     7
 Stab: Sleeping          |       |     1 ||     1
  Eat: Chunk             |     1 |     5 ||     6
       Ration            |       |     1 ||     1
Armor: Animal skin       |    19 |    16 ||    35
Dodge: Dodged            |    55 |    60 ||   115
